 Dungeon Crawl Stone Soup version 0.30-a0-760-g5a9884bb7c (webtiles) character file.

Game seed: 13933773532638663078

965 sanka the Grappler (level 7, -6/67 HPs)
             Began as a Troll Monk on Feb 10, 2023.
             Was a High Priest of Cheibriados.
             Mangled by a gnoll sergeant
             ... wielding a +1 vampiric trident
              (11 damage)
             ... on level 5 of the Dungeon.
             The game lasted 00:07:03 (4200 turns).

sanka the Grappler (Troll Monk)                     Turns: 4200, Time: 00:07:03

Health: -6/67      AC:  6    Str: 33    XL:     7   Next: 93%
Magic:  6/6        EV:  6    Int: 21    God:    Cheibriados [*****.]
Gold:   217        SH:  0    Dex: 25    Spells: 6/6 levels left

rFire   . . .      SeeInvis .      - Unarmed
rCold   . . .      Faith    .    (no shield)
rNeg    . . .      Spirit   .    j - +1 robe {Will+}
rPois   .          Reflect  .    (helmet restricted)
rElec   .          Harm     .    c - +0 cloak
rCorr   .          Rampage  .    (gloves unavailable)
Will    +....                    (boots unavailable)
Stlth   ++                       (no amulet)
HPRegen 1.11/turn                (no ring)
MPRegen 0.10/turn                (no ring)

@: lethally poisoned (-6 -> -8), held, very slow
A: large, unfitting armour, claws 3, regeneration 1, shaggy fur 1, tough skin 1
a: Renounce Religion, Bend Time, Temporal Distortion, Slouch, Step From Time


You were on level 5 of the Dungeon.
You worshipped Cheibriados.
Cheibriados was extremely pleased with you.
You visited 1 branch of the dungeon, and saw 5 of its levels.

You collected 217 gold pieces.


Innate Abilities, Weirdness & Mutations

You are too large for most types of armour.
You have claws for hands.
Your natural rate of healing is unusually fast.
You are covered in fur. (AC +1)
You have tough skin. (AC +1)


   Skills:
 - Level 3.0 Fighting
 - Level 2.4 Dodging
 - Level 1.0 Stealth
 + Level 9.4 Unarmed Combat


You had 6 spell levels left.
You didn't know any spells.
Your spell library contained the following spells:

 Spells                   Type           Power      Damage    Failure   Level
 Necrotise                Necr           0%         1d4       19%         1
 Ensorcelled Hibernation  Hex/Ice        0%         N/A       26%         2
 Passwall                 Tmut/Erth      0%         N/A       26%         2
 Hailstorm                Conj/Ice       0%         3d3       47%         3
 Ozocubu's Armour         Ice            0%         N/A       47%         3
 Stone Arrow              Conj/Erth      0%         3d7       47%         3
 Swiftness                Air            0%         N/A       47%         3
 Vampiric Draining        Necr           0%         2d6       47%         3
 Animate Armour           Summ/Erth      0%         N/A       87%         4
 Cause Fear               Hex            0%         N/A       87%         4
 Ice Form                 Ice/Tmut       0%         N/A       87%         4
 Petrify                  Tmut/Erth      0%         N/A       87%         4
 Summon Ice Beast         Ice/Summ       0%         N/A       87%         4
 Agony                    Necr           0%         N/A       99%         5
 Metabolic Englaciation   Hex/Ice        0%         N/A       99%         5
 Summon Mana Viper        Hex/Summ       0%         N/A       99%         5
 Simulacrum               Ice/Necr       0%         N/A       100%        6
 Statue Form              Tmut/Erth      0%         N/A       100%        6
 Dragon Form              Tmut           0%         N/A       100%        7
 Monstrous Menagerie      Summ           0%         N/A       100%        7
 Ozocubu's Refrigeration  Ice            0%         4d7       100%        7
 Lehudib's Crystal Spear  Conj/Erth      0%         10d2      100%        8
 Dragon's Call            Summ           0%         N/A       100%        9

Inventory:

Missiles
 q - 2 javelins (quivered)
Armour
 c - a +0 cloak (worn)
 j - a +1 robe of willpower (worn)
Wands
 r - a wand of polymorph (3)
 s - a wand of charming (3)
 x - a wand of roots (11)
Scrolls
 a - a scroll of poison {unknown}
 f - 5 scrolls of identify {unknown}
 g - a scroll of enchant weapon {unknown}
 i - a scroll of enchant armour {unknown}
 n - a scroll of immolation {unknown}
 o - a scroll of silence {unknown}
 t - a scroll of vulnerability {unknown}
 u - a scroll of magic mapping {unknown}
 v - a scroll of teleportation {unknown}
Potions
 b - a potion of ambrosia
 d - a potion of attraction {unknown}
 e - 2 potions of haste {unknown}
 h - 3 potions of curing {unknown}
 k - a potion of degeneration {unknown}
 l - 4 potions of heal wounds {unknown}
 m - a potion of mutation {unknown}
 p - a potion of berserk rage {unknown}
 w - a potion of might {unknown}

Dungeon Overview and Level Annotations

Branches:
Dungeon (5/15)
 Temple: D:4-7

Altars:
Cheibriados
Nemelex Xobeh
Qazlal
Uskayaw
Vehumet
Yredelemnul

Annotations:
D:1 scroll behind lava
D:5 1 transporter, jdog22's ghost, weakling SpDe

.......▒.≈≈▒..▒▒▒.▒▒▒..▒≈≈..▒▒ ▒
...▒▒▒▒▒.≈≈▒...........▒≈≈...▒ ▒
▒▒.▒ ▒.≈≈▒▒▒.▒▒'▒▒.▒▒▒≈≈.▒.▒▒▒▒
▒.▒ ▒.≈≈..▒.▒...▒.▒..≈≈.▒...▒.
▒.▒ ▒.≈≈.▒▒W▒. ▒.▒▒.≈≈.▒▒▒...
▒.▒▒ ▒.≈≈.▒..▒ ▒..▒.≈≈....>▒▒
▒..▒▒▒▒.≈≈.▒▒.▒▒▒▒▒.▒▒.≈≈.▒▒▒▒▒▒
▒▒......≈≈..▒.▒8⌠8▒.▒......▒▒▒▒▒
▒▒▒▒...~).©▒.gT©gg.▒©..........
▒..)≈≈..▒.▒ggg▒.▒.....▒▒▒▒▒▒
▒...≈≈.▒▒g▒▒.▒▒.▒▒.≈≈.▒ ▒
▒...≈≈.▒©.▒...▒.g▒.≈≈.▒ ▒
▒▒...≈≈.▒▒.▒⌠.⌠▒g▒▒.≈≈.▒ ▒
▒▒▒▒▒..▒.≈≈..▒.▒...▒.▒..≈≈.▒ ▒
▒..)..▒▒.≈≈▒▒▒[▒▒'▒▒.▒▒▒≈≈.▒ ▒
..▒▒▒▒▒▒.≈≈▒g..........▒≈≈.▒ ▒
▒▒▒ ▒.≈≈▒g.▒▒▒g▒▒▒g.▒≈≈.▒ ▒


You could see a gnoll sergeant, a gnoll bouda and 4 gnolls.


Message History

You become entangled in the net!
The gnoll hits you from afar with a +2 halberd of venom!
You are poisoned.
The gnoll hits you with a +0 spear.
* * * LOW HITPOINT WARNING * * *
You tear a large gash into the net.
Your attacks no longer feel as feeble.
You feel sick.
The gnoll bouda hits you with a +0 whip!
* * * LOW HITPOINT WARNING * * *
The gnoll hits you from afar with a +2 halberd of venom.
* * * LOW HITPOINT WARNING * * *
You are more poisoned.
The gnoll hits you with a +0 spear.
* * * LOW HITPOINT WARNING * * *
You struggle against the net.
You feel very sick. The gnoll bouda barely misses you.
The gnoll hits you with a +0 whip.
* * * LOW HITPOINT WARNING * * *
The gnoll barely misses you. The gnoll hits you with a +0 spear.
* * * LOW HITPOINT WARNING * * *
Unknown command.
You struggle against the net.
You feel sick.
The gnoll bouda hits you with a +0 whip.
* * * LOW HITPOINT WARNING * * *
The gnoll sergeant hits you from afar with a +1 vampiric trident!
You die...

Action                     |  1- 3 |  4- 6 |  7- 9 || total
---------------------------+-------+-------+-------++-------
  Melee: Unarmed           |   106 |    90 |    60 ||   256
         Punch             |     1 |     1 |     4 ||     6
  Throw: Javelin           |       |     2 |       ||     2
   Stab: Sleeping          |     6 |     6 |     2 ||    14
         Distracted        |       |       |     1 ||     1
 Armour: Robe              |    31 |    20 |    21 ||    72
  Dodge: Dodged            |    60 |    39 |    37 ||   136

Levels and vault maps discovered:
D:1:      grunt_arrival_lava_bath, layout_rooms,
          hellmonk_ecumenical_altar_run_dry, minmay_domino_2
D:2:      layout_loops_ring
D:3:      layout_basic, nicolae_qazlal_style_of_elements, minmay_misc_feat_x,
          minmay_misc_feat_plants
D:4:      layout_loops_corners, marbit_many_paths
D:5:      layout_basic, mainiacjoe_overflow_boulevard,
          gammafunk_temple_overflow_elements, gammafunk_ghost_gnarly_gnolls,
          columned_hall_lemuel, uniq_blork_the_orc, uniq_ijyb

Notes
Turn   | Place    | Note
-------+----------+-------------------------------------------
     0 | D:1      | sanka the Troll Monk began the quest for the Orb.
     0 | D:1      | Reached XP level 1. HP: 22/22 MP: 0/0
    22 | D:1      | Found a faded altar of an unknown god.
    35 | D:1      | Prayed at the altar of an unknown god.
    35 | D:1      | Became a worshipper of Cheibriados the Contemplative
    35 | D:1      | Reached * piety under Cheibriados
    35 | D:1      | Reached ** piety under Cheibriados
    48 | D:1      | Reached *** piety under Cheibriados
    94 | D:1      | Reached XP level 2. HP: 29/29 MP: 1/1
    95 | D:1      | Reached skill level 3 in Fighting
   404 | D:1      | Reached XP level 3. HP: 37/37 MP: 2/2
   420 | D:1      | Reached **** piety under Cheibriados
   498 | D:1      | Reached skill level 4 in Unarmed Combat
   819 | D:1      | scroll behind lava
  1149 | D:2      | Reached XP level 4. HP: 34/45 MP: 3/3
  1325 | D:3      | Reached ***** piety under Cheibriados
  1339 | D:3      | Reached skill level 5 in Unarmed Combat
  1358 | D:3      | Reached XP level 5. HP: 53/53 MP: 4/4
  1463 | D:3      | Reached skill level 6 in Unarmed Combat
  1672 | D:3      | Found a stormy altar of Qazlal.
  1672 | D:3      | Noticed a fire elemental
  1676 | D:3      | Noticed a water elemental
  1676 | D:3      | Noticed an air elemental
  2227 | D:4      | Noticed a sky beast
  2236 | D:4      | Killed a sky beast
  2237 | D:4      | Reached XP level 6. HP: 55/61 MP: 5/5
  2572 | D:4      | Reached skill level 7 in Unarmed Combat
  2894 | D:4      | Found a basalt altar of Yredelemnul.
  2916 | D:5      | Entered Level 5 of the Dungeon
  3044 | D:5      | Noticed an ice beast
  3048 | D:5      | Killed an ice beast
  3049 | D:5      | Reached skill level 8 in Unarmed Combat
  3049 | D:5      | Reached XP level 7. HP: 67/67 MP: 6/6
  3124 | D:5      | Found a radiant altar of Vehumet.
  3313 | D:5      | Found a sparkling altar of Nemelex Xobeh.
  3313 | D:5      | Found a hide-covered altar of Uskayaw.
  3475 | D:5      | Found a transporter.
  3481 | D:5      | Identified the +1 scale mail of Joiwn {rPois Will+ Str+3}
  3526 | D:5      | Reached skill level 9 in Unarmed Combat
  3546 | D:5      | Found a transporter.
  3561 | D:5      | Noticed Blork the orc
  3565 | D:5      | Killed Blork the orc
  3576 | D:5      | Noticed Ijyb
  3581 | D:5      | Killed Ijyb
  3877 | D:5      | Noticed jdog22's ghost (weakling SpDe)
  4200 | D:5      | HP: 5/67 [gnoll bouda/+0 whip (3)]
  4200 | D:5      | Mangled by a gnoll sergeant

Vanquished Creatures
  A water moccasin (D:5)
  An ice beast (D:5)
  A sky beast (D:4)
  An ogre (D:5)
  Blork the orc (D:5)
  A scorpion (D:3)
  A hound (D:5)
  A jelly (D:5)
  3 orc priests
  Ijyb (D:5)
  An iguana (D:4)
  2 orc wizards (D:5)
  4 gnolls
  3 adders
  A white imp (D:5)
  3 ufetubi
  3 worms
  5 dart slugs
  13 orcs
  8 endoplasms
  6 giant cockroaches
  4 goblins
  10 hobgoblins
  5 jackals (D:1)
  6 kobolds
  3 quokkas
  3 ball pythons
  7 bats (D:2)
  3 frilled lizards (D:1)
  7 rats
109 creatures vanquished.

Vanquished Creatures (others)
  A fungus (D:5)
  6 plants (D:5)
7 creatures vanquished.

Grand Total: 116 creatures vanquished
